AoeStats
← Resistance

Hideout

509114355Analyzed
1v1 RM · 6d ago on Sep 25, 2026· 49m 39s· 2 players
Game mode
Random Map
Map size
Tiny (2 player)
Population
200
Speed
Normal
Resources
Standard
Victory
Conquest
Starting age
Dark Age
Ending age
Imperial Age
RankedLock teamsTeams togetherTeam positionsShared explorationLock speedFull tech treeHidden civsTurbo modeCheats
Victory
Defeat
🇩🇪 Romans · Germany
713
+14
🇨🇳 Vietnamese · China
669
-23
Resistance
13:06 Feudal Age
14:43 Double-Bit Axe
14:40 Horse Collar
24:53 Wheelbarrow
25:50 Bloodlines
25:56 Bloodlines
26:48 Wheelbarrow
26:24 Fletching
28:02 Loom
33:19 Castle Age
38:37 Gold Mining
41:10 Bow Saw
45:00 Town Watch
48:03 Bodkin Arrow
48:08 Padded Archer Armor
jo8er
10:51 Feudal Age
9:22 Loom
12:25 Double-Bit Axe
13:25 Man-at-Arms
14:50 Scale Barding Armor
14:48 Scale Mail Armor
14:40 Horse Collar
17:43 Forging
20:05 Wheelbarrow
23:35 Castle Age
25:23 Chain Mail Armor
24:31 Long Swordsman
25:19 Squires
25:57 Gold Mining
26:21 Bow Saw
26:15 Heavy Plow
26:49 Stone Mining
27:34 Gold Shaft Mining
27:13 Fletching
28:09 Iron Casting
27:56 Town Watch
28:36 Hand Cart
30:59 Fletching
37:04 Imperial Age
34:54 Town Patrol
35:43 Ballistas
36:04 Bodkin Arrow
37:30 Ballistics
37:20 Masonry
37:08 Murder Holes
38:13 Heavy Scorpion
38:19 Legionary
40:27 Blast Furnace
40:45 Bloodlines
40:36 Husbandry
41:06 Husbandry
42:17 Comitatenses
43:49 Siege Engineers
44:47 Chemistry
44:17 Architecture
44:29 Pikeman
45:22 Scale Barding Armor
45:58 Crop Rotation
45:42 Halberdier
48:01 Capped Ram
Connection lost

Rejoining the realm…

Still unreachable

The connection could not be restored.

Session expired

The server has moved on; the page needs a fresh start.